Map: Orbital Shipyard

Players

LilDicky - Winner!

  • Race: Terran Terran
  • League: Platinum

Tempest

  • Race: Protoss Protoss
  • League: Platinum

VOD

http://www.twitch.tv/tumescentpie

Description

Time

  • Played on: Nov. 21, 2015, 6:02 p.m.
  • Length: 8:29
Show
View Real Time Build Order
Export as new Build Order

LilDicky Terran - Winner!

Build Orders: MMM Bio 

Get SALT Encoding   

  12  0:01  SCV  
  13  0:13  SCV  
  14  0:18  Supply Depot  
  14  0:25  SCV  
  15  0:29  Refinery  
  15  0:39  SCV  
  16  0:49  Barracks  
  16  0:51  SCV  
  17  1:03  SCV  
  18  1:15  SCV  
  19  1:29  SCV  
  20  1:35  Marine  
  20  1:37  Factory  
  20  1:38  Supply Depot  
  21  1:41  Orbital Command  
  21  1:53  Marine  
  22  2:05  Barracks  
  22  2:07  Barracks  
  22  2:10  SCV  
  22  2:13  Refinery  
  23  2:26  Barracks Reactor  
  23  2:27  SCV  
  24  2:33  Supply Depot  
  24  2:37  Widow Mine  
  24  2:39  SCV  
  27  2:51  SCV  
  28  2:56  Barracks Tech Lab x2  
  27  3:03  SCV  
  28  3:06  Widow Mine  
  28  3:15  SCV, Stimpack  
  28  3:16  Combat Shields  
  28  3:18  Marine x3  
  28  3:19  Marine  
  33  3:27  SCV  
  33  3:30  Supply Depot  
  34  3:52  SCV  
  34  3:54  Marine  
  34  3:55  Marine, Marauder x2  
  39  3:57  Starport  
  39  4:04  SCV  
  40  4:15  Marine x2  
  40  4:16  Marauder  
  44  4:20  Marauder  
  44  4:33  Marine  
  44  4:34  Medivac  
  44  4:37  Marauder  
  49  4:41  Marauder  
  49  4:43  SCV  
  49  4:44  Supply Depot  
  52  4:53  Marine x2  
  54  5:06  SCV, Marauder  
  54  5:07  Medivac  
  59  5:09  Supply Depot  
  59  5:10  Marauder  
  59  5:13  Widow Mine  
  63  5:22  Supply Depot  
  63  5:26  SCV  
  58  5:51  Marine x2  
  58  5:52  Marauder  
  58  5:53  Widow Mine  
  52  6:21  Marauder, Marine x2  
  52  6:22  Medivac, Marauder  
  52  6:23  SCV  
  61  6:32  Command Center  
  61  6:39  Marine x2  
  62  7:13  Marine x2  
  62  7:14  Marauder x2  
  68  7:16  Medivac  
  70  7:23  SCV  
  73  7:30  Marine  
  73  7:35  Marauder x2  
  73  7:37  Marine  
  77  7:48  Marine  
  78  7:54  Marine  
  78  7:56  Marauder x2  
  78  8:06  Marine  
Show
View Real Time Build Order
Export as new Build Order

Tempest Protoss 

Build Orders:  

Get SALT Encoding   

  12  0:01  Probe (Chrono Boost)  
  13  0:14  Pylon  
  13  0:17  Probe (Chrono Boost)  
  14  0:28  Probe (Chrono Boost)  
  15  0:34  Gateway  
  15  0:38  Probe (Chrono Boost)  
  16  0:45  Assimilator  
  16  0:49  Assimilator  
  16  0:52  Probe (Chrono Boost)  
  17  1:02  Probe (Chrono Boost)  
  18  1:13  Probe (Chrono Boost)  
  18  1:15  Pylon  
  19  1:24  Cybernetics Core  
  19  1:27  Probe (Chrono Boost)  
  20  1:36  Pylon  
  20  1:40  Probe (Chrono Boost)  
  21  1:50  Probe (Chrono Boost)  
  22  2:02  Robotics Facility  
  22  2:03  Warp Gate (Chrono Boost)  
  22  2:11  Mothership Core  
  24  2:22  Gateway  
  24  2:31  Gateway  
  24  2:45  Gateway  
  24  2:47  Adept  
  26  2:57  Warp Prism  
  28  3:30  Pylon  
  26  3:59  Forge  
  26  4:04  Adept x3  
  26  4:05  Adept  
  34  4:11  Observer  
  34  4:14  Probe  
  36  4:27  Zealot x3  
  36  4:28  Zealot  
  34  4:33  Observer  
  34  4:36  Adept x4  
  35  4:44  Probe  
  36  4:46  Nexus  
  36  4:56  Probe  
  37  5:08  Probe  
  37  5:12  Pylon  
  37  5:13  Adept x2, Pylon  
  42  5:37  Zealot x2  
  46  6:00  Adept, Zealot  
  46  6:01  Zealot x2  
  52  6:05  Probe  
  52  6:06  Probe  
  52  6:15  Probe  
  52  6:17  Protoss Ground Weapons Level 1 (Chrono Boost)  
  53  6:18  Probe  
  53  6:19  Observer  
  55  6:26  Probe  
  55  6:30  Probe  
  57  6:36  Probe  
  57  6:42  Stalker x2  
  57  6:43  Stalker x2  
  58  7:01  Mothership Core  
  59  7:05  Probe  
  52  7:11  Zealot x4  
  58  7:16  Probe  
  58  7:22  Probe  
  60  7:26  Probe  
  59  7:38  Pylon  
  59  7:42  Pylon  
  59  7:47  Stalker x2  
  59  7:48  Stalker x2  
  53  8:05  Probe  
  53  8:07  Probe  
  53  8:12  Photon Cannon  
  49  8:15  Photon Cannon  
  49  8:16  Probe  
  45  8:24  Zealot x3  
Tags
 
Add a new tag
Caveats
  • Supply blocks, unpowered buildings, or Contaminate may cause inaccurate times.
  • Supply counts are checked every 10 seconds.